General information
- name: BNet
- type: Ladder team game (AT/RT)
- host: Battle.net
- saver: diablo3sux.
map: Friends
- players: 8
- length: 135:38
- speed: Fast
- version: 1.26 W3XP
- replay type: Public
» download(523 KB)
Players
team 1 (winner)
WobbleWobble (
purple | 52 APM | 3850 actions | 74:02)
10 Blademaster
3 Wind Walk
3 Critical Strike
1 Bladestorm
3 Mirror Image
» actions
| Basic commands | 17 | |
| Build / train | 70 | |
| Enter build submenu | 24 | |
| Enter hero's abilities submenu | 10 | |
| Remove unit from queue | 1 | |
| Right click | 2958 | |
| Select / deselect | 533 | |
| Use ability | 237 | |
3850 total
» units
| Peon | 10 | |
| Grunt | 10 | |
| Troll Batrider | 5 | |
| Shaman | 4 | |
| Tauren | 4 | |
33 total
» upgrades
| Armor | 2 | |
| Berserker Strength | 1 | |
| Shaman Training | 2 | |
| Pulverize | 2 | |
| Melee Weapons | 1 | |
| Pillage | 1 | |
9 total
» buildings
| Altar of Storms | 2 | |
| Barracks | 1 | |
| Orc Burrow | 13 | |
| War Mill | 1 | |
| Stronghold | 1 | |
| Voodoo Lounge | 2 | |
| Watch Tower | 1 | |
| Beastiary | 1 | |
| Spirit Lodge | 1 | |
| Fortress | 3 | |
| Tauren Totem | 1 | |
27 total
» build order
00:08 Altar of Storms
00:12 Barracks
00:15 Orc Burrow
02:47 Orc Burrow
05:33 War Mill
06:51 Stronghold
08:38 Orc Burrow
09:08 Voodoo Lounge
09:16 Voodoo Lounge
09:27 Watch Tower
10:26 Orc Burrow
10:38 Beastiary
10:50 Orc Burrow
11:18 Spirit Lodge
11:25 Orc Burrow
13:34 Fortress
13:34 Fortress
16:02 Tauren Totem
18:52 Orc Burrow
20:39 Orc Burrow
21:54 Orc Burrow
23:10 Orc Burrow
23:19 Orc Burrow
27:55 Altar of Storms
28:01 Orc Burrow
28:05 Orc Burrow
» items
| Healing Salve | 3 | |
| Lesser Clarity Potion | 4 | |
| Potion of Mana | 1 | |
| Sobi Mask | 1 | |
| Runed Bracers | 1 | |
| Orb of Lightning | 1 | |
11 total
szuja (
yellow | 15 APM | 2032 actions | 135:36)
7 Keeper of the Grove
3 Entangling Roots
2 Force of Nature
1 Tranquility
1 Thorns Aura
7 Priestess of the Moon
3 Trueshot Aura
3 Scout
1 Starfall
» actions
| Assign group hotkey | 16 | |
| Basic commands | 10 | |
| Build / train | 71 | |
| Enter build submenu | 31 | |
| Enter hero's abilities submenu | 14 | |
| Remove unit from queue | 1 | |
| Right click | 962 | |
| Select / deselect | 514 | |
| Select group hotkey | 260 | |
| Use ability | 153 | |
2032 total
» units
| Wisp | 23 | |
| Archer | 11 | |
| Hippogryph | 4 | |
| Glaive Thrower | 2 | |
40 total
» upgrades
| Strength of the Moon | 3 | |
| Ultravision | 1 | |
| Improved Bows | 1 | |
| Moon Armor | 1 | |
| Marksmanship | 1 | |
| Hippogryph Taming | 1 | |
| Vorpal Blades | 1 | |
| Well Spring | 1 | |
| Strength of the Wild | 1 | |
11 total
» buildings
| Moon Well | 13 | |
| Altar of Elders | 2 | |
| Ancient of War | 4 | |
| Hunter's Hall | 1 | |
| Tree of Ages | 1 | |
| Ancient Protector | 2 | |
| Tree of Eternity | 1 | |
| Ancient of Wind | 2 | |
| Tree of Life | 3 | |
29 total
» build order
00:12 Moon Well
00:18 Altar of Elders
01:10 Moon Well
01:30 Ancient of War
02:07 Ancient of War
02:22 Moon Well
05:30 Moon Well
05:34 Hunter's Hall
05:40 Tree of Ages
06:30 Moon Well
07:05 Ancient Protector
10:08 Tree of Eternity
11:05 Moon Well
11:36 Moon Well
12:11 Ancient Protector
15:52 Ancient of Wind
15:57 Ancient of Wind
18:51 Moon Well
19:20 Moon Well
19:50 Moon Well
20:32 Moon Well
21:41 Ancient of War
21:46 Moon Well
22:57 Ancient of War
59:12 Tree of Life
60:04 Tree of Life
62:35 Moon Well
62:44 Altar of Elders
62:52 Tree of Life
» items
| Lesser Clarity Potion | 1 | |
| Healing Salve | 1 | |
2 total

»
diablo3sux. (
green | 39 APM | 5272 actions | 135:38)
10 Tauren Chieftain
3 Shockwave
3 Endurance Aura
1 Reincarnation
3 War Stomp
5 Shadow Hunter
2 Hex
3 Healing Wave
» actions
| Assign group hotkey | 62 | |
| Basic commands | 266 | |
| Build / train | 153 | |
| Enter build submenu | 45 | |
| Enter hero's abilities submenu | 15 | |
| Give item / drop item | 1 | |
| Remove unit from queue | 9 | |
| Right click | 1923 | |
| Select / deselect | 714 | |
| Select group hotkey | 1642 | |
| Use ability | 442 | |
5272 total
» units
| Peon | 40 | |
| Troll Headhunter/Berserker | 9 | |
| Wind Rider | 8 | |
| Goblin Shredder | 1 | |
| Goblin Zeppelin | 11 | |
| Raider | 9 | |
| Goblin Sapper | 2 | |
80 total
» upgrades
| Troll Regeneration | 1 | |
| Ranged Weapons | 3 | |
| Armor | 3 | |
| Reinforced Defenses | 1 | |
| Envenomed Spears | 1 | |
| Berserker Upgrade | 1 | |
| Ensnare | 1 | |
| Melee Weapons | 3 | |
| Spiked Barricades | 1 | |
15 total
» buildings
| Altar of Storms | 2 | |
| Orc Burrow | 10 | |
| War Mill | 2 | |
| Barracks | 3 | |
| Voodoo Lounge | 5 | |
| Stronghold | 5 | |
| Watch Tower | 56 | |
| Beastiary | 7 | |
| Fortress | 4 | |
| Great Hall | 5 | |
99 total
» build order
00:10 Altar of Storms
00:19 Orc Burrow
01:24 Orc Burrow
01:41 War Mill
02:00 Barracks
02:19 Barracks
02:38 Voodoo Lounge
03:09 Barracks
03:59 Stronghold
04:00 Stronghold
04:41 Orc Burrow
05:15 Orc Burrow
06:05 Watch Tower
06:06 Watch Tower
06:07 Watch Tower
06:07 Watch Tower
09:33 Beastiary
09:33 Beastiary
12:33 Fortress
13:56 Great Hall
14:26 Watch Tower
14:26 Watch Tower
14:26 Watch Tower
14:27 Watch Tower
14:29 Watch Tower
14:29 Watch Tower
14:29 Watch Tower
14:30 Watch Tower
14:57 Orc Burrow
20:15 Watch Tower
20:15 Watch Tower
20:16 Watch Tower
20:16 Watch Tower
20:17 Watch Tower
20:17 Watch Tower
22:28 Orc Burrow
22:28 Orc Burrow
23:33 Stronghold
23:33 Stronghold
23:37 Watch Tower
23:37 Watch Tower
23:37 Watch Tower
23:38 Watch Tower
23:39 Watch Tower
23:39 Watch Tower
25:56 Beastiary
25:58 Beastiary
25:59 Orc Burrow
26:00 Orc Burrow
29:00 Voodoo Lounge
30:55 Beastiary
30:57 Beastiary
31:14 Altar of Storms
35:06 Fortress
35:07 Fortress
37:01 War Mill
43:09 Great Hall
43:12 Watch Tower
43:12 Watch Tower
43:13 Watch Tower
43:13 Watch Tower
43:14 Watch Tower
43:14 Watch Tower
43:15 Watch Tower
44:21 Watch Tower
44:22 Watch Tower
44:23 Watch Tower
44:24 Watch Tower
45:31 Watch Tower
46:31 Beastiary
48:31 Great Hall
49:30 Watch Tower
49:31 Watch Tower
49:40 Watch Tower
49:40 Watch Tower
49:59 Watch Tower
49:59 Watch Tower
50:11 Voodoo Lounge
50:16 Voodoo Lounge
50:31 Watch Tower
51:10 Watch Tower
54:34 Great Hall
54:36 Watch Tower
54:36 Watch Tower
54:39 Watch Tower
54:40 Watch Tower
54:41 Watch Tower
54:42 Watch Tower
55:45 Watch Tower
55:45 Watch Tower
56:32 Great Hall
64:07 Voodoo Lounge
65:08 Stronghold
85:18 Fortress
» items
| Healing Salve | 7 | |
| Scroll of Town Portal | 4 | |
| Potion of Healing | 3 | |
| Orb of Lightning | 1 | |
| Potion of Mana | 2 | |
| Healing Wards | 1 | |
| The Lion Horn of Stormwind | 1 | |
| Scourge Bone Chimes | 1 | |
| Potion of Restoration | 1 | |
| Wand of the Wind | 1 | |
22 total

»
felix21 (
blue | 36 APM | 2671 actions | 73:57)
9 Dreadlord
3 Vampiric Aura
3 Sleep
1 Inferno
2 Carrion Swarm
1 Goblin Alchemist
1 Healing Spray
» actions
| Basic commands | 15 | |
| Build / train | 146 | |
| ESC pressed | 9 | |
| Enter build submenu | 85 | |
| Enter hero's abilities submenu | 10 | |
| Remove unit from queue | 16 | |
| Right click | 1361 | |
| Select / deselect | 892 | |
| Use ability | 137 | |
2671 total
» units
| Acolyte | 20 | |
| Ghoul | 28 | |
| Crypt Fiend | 6 | |
| Goblin Zeppelin | 1 | |
| Frost Wyrm | 34 | |
89 total
» upgrades
| Freezing Breath | 1 | |
| Ghoul Frenzy | 1 | |
| Creature Attack | 3 | |
| Creature Carapace | 2 | |
7 total
» buildings
| Altar of Darkness | 4 | |
| Ziggurat | 37 | |
| Crypt | 2 | |
| Graveyard | 2 | |
| Halls of the Dead | 8 | |
| Black Citadel | 3 | |
| Sacrificial Pit | 2 | |
| Boneyard | 6 | |
| Spirit Tower | 2 | |
| Necropolis | 3 | |
| Nerubian Tower | 2 | |
| Tomb of Relics | 1 | |
72 total
» build order
00:08 Altar of Darkness
00:12 Ziggurat
00:22 Crypt
01:10 Crypt
01:45 Ziggurat
02:44 Ziggurat
02:48 Ziggurat
03:50 Graveyard
05:43 Ziggurat
05:51 Ziggurat
07:44 Halls of the Dead
07:44 Halls of the Dead
11:13 Black Citadel
11:17 Sacrificial Pit
13:39 Boneyard
13:41 Boneyard
13:44 Boneyard
13:50 Ziggurat
13:56 Ziggurat
13:58 Ziggurat
25:54 Spirit Tower
26:41 Necropolis
26:46 Ziggurat
26:49 Ziggurat
26:50 Ziggurat
26:54 Ziggurat
27:00 Ziggurat
27:01 Ziggurat
27:03 Ziggurat
27:05 Ziggurat
27:09 Ziggurat
27:12 Ziggurat
28:31 Nerubian Tower
28:32 Halls of the Dead
30:01 Ziggurat
35:06 Necropolis
38:11 Ziggurat
38:16 Ziggurat
38:17 Ziggurat
38:19 Ziggurat
38:22 Ziggurat
40:39 Halls of the Dead
40:39 Halls of the Dead
41:04 Altar of Darkness
41:22 Altar of Darkness
41:30 Graveyard
42:36 Ziggurat
42:52 Ziggurat
43:06 Spirit Tower
44:41 Spirit Tower
47:16 Ziggurat
47:20 Ziggurat
47:27 Ziggurat
47:30 Ziggurat
48:00 Altar of Darkness
49:21 Necropolis
49:39 Tomb of Relics
51:36 Halls of the Dead
51:41 Nerubian Tower
54:54 Black Citadel
54:54 Black Citadel
54:58 Sacrificial Pit
57:47 Boneyard
57:48 Boneyard
57:52 Boneyard
58:10 Ziggurat
58:12 Ziggurat
58:17 Ziggurat
58:18 Ziggurat
58:21 Ziggurat
58:25 Ziggurat
61:10 Spirit Tower
61:10 Spirit Tower
» items
| Book of the Dead | 1 | |
| Scroll of Town Portal | 1 | |
| Scroll of Healing | 2 | |
| Orb of Corruption | 1 | |
5 total
team 2 (loser)

»
Gangsta-Jah (
orange | 95 APM | 2402 actions | 25:09)
3 Mountain King
2 Storm Bolt
1 Bash
5 Paladin
3 Holy Light
2 Divine Shield
» actions
| Assign group hotkey | 107 | |
| Basic commands | 123 | |
| Build / train | 104 | |
| ESC pressed | 4 | |
| Enter build submenu | 48 | |
| Enter hero's abilities submenu | 8 | |
| Give item / drop item | 1 | |
| Right click | 739 | |
| Select / deselect | 315 | |
| Select group hotkey | 850 | |
| Use ability | 103 | |
2402 total
» units
| Peasant | 13 | |
| Rifleman | 18 | |
| Mortar Team | 7 | |
| Siege Engine | 5 | |
43 total
» upgrades
| Masonry | 3 | |
| Gunpowder | 3 | |
| Long Rifles | 1 | |
| Lumber Harvesting | 2 | |
| Armor | 3 | |
| Fragmentation Shards | 1 | |
| Flare | 1 | |
| Barrage | 1 | |
15 total
» buildings
| Altar of Kings | 1 | |
| Farm | 11 | |
| Blacksmith | 1 | |
| Lumber Mill | 1 | |
| Scout Tower | 25 | |
| Arcane Tower | 1 | |
| Guard Tower | 15 | |
| Barracks | 1 | |
| Keep | 4 | |
| Arcane Vault | 1 | |
| Castle | 3 | |
| Town Hall | 1 | |
| Workshop | 2 | |
67 total
» build order
00:12 Altar of Kings
00:16 Farm
00:57 Blacksmith
01:12 Lumber Mill
01:21 Farm
02:09 Farm
02:33 Scout Tower
02:39 Scout Tower
02:44 Farm
03:06 Arcane Tower
03:17 Guard Tower
03:17 Guard Tower
03:17 Guard Tower
03:25 Farm
03:45 Barracks
04:04 Farm
04:12 Keep
04:12 Keep
04:12 Keep
04:13 Keep
04:49 Farm
05:11 Scout Tower
05:29 Farm
05:52 Guard Tower
06:18 Scout Tower
06:24 Scout Tower
06:27 Scout Tower
06:31 Scout Tower
07:37 Guard Tower
07:41 Scout Tower
07:46 Scout Tower
08:09 Arcane Vault
09:24 Castle
09:24 Castle
09:31 Guard Tower
09:35 Guard Tower
10:30 Town Hall
11:28 Workshop
13:34 Scout Tower
13:39 Scout Tower
13:43 Scout Tower
13:47 Scout Tower
15:55 Scout Tower
15:59 Scout Tower
16:02 Scout Tower
16:30 Guard Tower
16:41 Guard Tower
16:47 Scout Tower
16:50 Scout Tower
16:52 Scout Tower
16:55 Scout Tower
16:58 Scout Tower
17:00 Scout Tower
17:30 Farm
18:37 Guard Tower
18:45 Scout Tower
18:46 Scout Tower
19:53 Scout Tower
19:56 Guard Tower
20:01 Guard Tower
20:03 Farm
21:20 Workshop
21:25 Farm
22:17 Guard Tower
» items
| Scroll of Town Portal | 6 | |
| Potion of Healing | 2 | |
| Orb of Fire | 2 | |
| Scroll of Regeneration | 1 | |
11 total
rockstone (
pink | 29 APM | 3947 actions | 135:36)
10 Blademaster
3 Wind Walk
3 Critical Strike
3 Mirror Image
1 Bladestorm
1 Mountain King
1 Bash
3 Shadow Hunter
1 Healing Wave
2 Hex
» actions
| Assign group hotkey | 20 | |
| Basic commands | 4 | |
| Build / train | 148 | |
| ESC pressed | 4 | |
| Enter build submenu | 39 | |
| Enter hero's abilities submenu | 15 | |
| Right click | 1983 | |
| Select / deselect | 1021 | |
| Select group hotkey | 304 | |
| Use ability | 409 | |
3947 total
» units
| Peon | 14 | |
| Grunt | 9 | |
| Raider | 13 | |
| Demolisher | 8 | |
| Troll Batrider | 12 | |
| Goblin Zeppelin | 1 | |
| Troll Witch Doctor | 1 | |
| Peasant | 1 | |
59 total
» upgrades
| Melee Weapons | 3 | |
| Ensnare | 1 | |
| Pillage | 1 | |
| Armor | 3 | |
| Burning Oil | 1 | |
| Liquid Fire | 1 | |
| Ranged Weapons | 2 | |
12 total
» buildings
| Altar of Storms | 1 | |
| Orc Burrow | 8 | |
| Voodoo Lounge | 1 | |
| Barracks | 1 | |
| War Mill | 4 | |
| Watch Tower | 9 | |
| Stronghold | 1 | |
| Beastiary | 2 | |
| Fortress | 1 | |
| Great Hall | 7 | |
| Spirit Lodge | 1 | |
| Farm | 5 | |
| Town Hall | 2 | |
| Lumber Mill | 1 | |
44 total
» build order
00:10 Altar of Storms
00:16 Orc Burrow
00:52 Voodoo Lounge
00:56 Barracks
02:20 War Mill
03:25 Orc Burrow
04:18 Watch Tower
05:01 Orc Burrow
06:12 Stronghold
09:40 Beastiary
09:45 Beastiary
10:28 Orc Burrow
11:08 Fortress
11:29 Orc Burrow
11:30 Orc Burrow
14:06 Great Hall
16:02 Orc Burrow
16:06 Orc Burrow
17:18 War Mill
24:42 Great Hall
28:04 Watch Tower
28:05 Watch Tower
28:09 Watch Tower
28:46 Watch Tower
28:46 Watch Tower
28:47 Watch Tower
28:49 Watch Tower
28:49 Watch Tower
30:31 Great Hall
34:37 War Mill
36:58 Great Hall
39:23 Great Hall
41:46 War Mill
47:48 Great Hall
51:23 Great Hall
56:10 Spirit Lodge
79:54 Farm
81:47 Town Hall
85:58 Farm
87:43 Town Hall
107:40 Farm
113:26 Lumber Mill
131:37 Farm
134:26 Farm
» items
| Healing Salve | 14 | |
| Lesser Clarity Potion | 10 | |
| Scroll of Speed | 3 | |
| Potion of Healing | 9 | |
| Orb of Lightning | 1 | |
| Scroll of Town Portal | 3 | |
| Ankh of Reincarnation | 3 | |
| Belt of Giant Strength +6 | 1 | |
| Scroll of Resurrection | 1 | |
| Mana Stone | 1 | |
| Ice Shard | 1 | |
| Wand of the Wind | 3 | |
| Healing Wards | 1 | |
| Potion of Mana | 5 | |
| Potion of Restoration | 1 | |
| Inferno Stone | 1 | |
58 total

»
SeanPrice (
red | 37 APM | 1274 actions | 34:13)
4 Archmage
2 Summon Water Elemental
2 Brilliance Aura
4 Mountain King
2 Storm Bolt
2 Bash
» actions
| Assign group hotkey | 8 | |
| Basic commands | 130 | |
| Build / train | 73 | |
| Enter build submenu | 40 | |
| Enter hero's abilities submenu | 8 | |
| Give item / drop item | 1 | |
| Right click | 526 | |
| Select / deselect | 415 | |
| Select group hotkey | 8 | |
| Use ability | 65 | |
1274 total
» units
| Peasant | 10 | |
| Footman | 5 | |
| Mortar Team | 6 | |
| Sorceress | 3 | |
| Priest | 3 | |
| Spell Breaker | 1 | |
| Rifleman | 8 | |
| Flying Machine | 13 | |
49 total
» upgrades
| Gunpowder | 3 | |
| Long Rifles | 1 | |
| Fragmentation Shards | 1 | |
| Flak Cannons | 1 | |
6 total
» buildings
| Altar of Kings | 1 | |
| Barracks | 1 | |
| Farm | 18 | |
| Scout Tower | 2 | |
| Arcane Tower | 1 | |
| Arcane Vault | 1 | |
| Keep | 1 | |
| Blacksmith | 1 | |
| Workshop | 2 | |
| Arcane Sanctum | 1 | |
| Castle | 1 | |
| Town Hall | 2 | |
32 total
» build order
00:08 Altar of Kings
00:21 Barracks
00:36 Farm
01:05 Farm
01:36 Scout Tower
01:54 Farm
02:16 Arcane Tower
02:42 Arcane Vault
03:39 Keep
04:55 Farm
04:56 Farm
04:58 Farm
04:59 Farm
05:22 Blacksmith
06:52 Workshop
06:57 Arcane Sanctum
08:51 Farm
08:56 Farm
08:58 Farm
12:03 Farm
14:19 Farm
16:18 Castle
16:49 Farm
16:59 Farm
16:59 Farm
17:41 Farm
20:57 Town Hall
22:20 Workshop
27:14 Town Hall
28:21 Farm
28:32 Farm
29:14 Scout Tower
» items
| Scroll of Regeneration | 3 | |
| Scroll of Town Portal | 2 | |
5 total
dagudguys (
teal | 44 APM | 3424 actions | 77:54)
6 Paladin
1 Divine Shield
1 Holy Light
3 Devotion Aura
1 Resurrection
3 Blood Mage
1 Flame Strike
2 Siphon Mana
» actions
| Basic commands | 27 | |
| Build / train | 240 | |
| Enter build submenu | 72 | |
| Enter hero's abilities submenu | 15 | |
| Right click | 1702 | |
| Select / deselect | 1174 | |
| Use ability | 194 | |
3424 total
» units
| Peasant | 145 | |
| Mortar Team | 18 | |
| Goblin Shredder | 1 | |
| Siege Engine | 24 | |
| Flying Machine | 1 | |
189 total
» upgrades
| Flare | 1 | |
| Armor | 3 | |
| Gunpowder | 2 | |
| Fragmentation Shards | 1 | |
| Barrage | 1 | |
| Magic Sentry | 1 | |
| Swords | 1 | |
10 total
» buildings
| Farm | 22 | |
| Altar of Kings | 1 | |
| Lumber Mill | 5 | |
| Scout Tower | 50 | |
| Blacksmith | 1 | |
| Arcane Tower | 6 | |
| Guard Tower | 13 | |
| Keep | 1 | |
| Castle | 1 | |
| Workshop | 4 | |
| Town Hall | 20 | |
| Cannon Tower | 1 | |
125 total
» build order
01:15 Farm
01:16 Farm
01:16 Farm
01:31 Altar of Kings
01:59 Lumber Mill
02:20 Scout Tower
02:21 Scout Tower
02:32 Blacksmith
02:48 Scout Tower
02:49 Scout Tower
02:50 Scout Tower
02:58 Arcane Tower
03:07 Scout Tower
03:09 Scout Tower
03:21 Arcane Tower
03:24 Scout Tower
03:31 Scout Tower
03:55 Guard Tower
04:00 Guard Tower
04:06 Guard Tower
04:13 Guard Tower
04:23 Scout Tower
04:34 Scout Tower
04:39 Guard Tower
04:46 Scout Tower
04:59 Guard Tower
05:08 Guard Tower
05:23 Arcane Tower
05:32 Farm
05:33 Farm
05:34 Farm
05:37 Farm
05:44 Farm
05:45 Farm
06:41 Scout Tower
06:53 Keep
06:58 Scout Tower
07:35 Farm
07:37 Guard Tower
07:41 Arcane Tower
07:44 Farm
07:48 Farm
08:37 Farm
09:14 Castle
09:20 Workshop
09:22 Workshop
09:27 Workshop
10:31 Workshop
11:10 Farm
11:14 Farm
11:18 Farm
11:21 Farm
12:42 Farm
15:44 Town Hall
16:02 Scout Tower
16:03 Scout Tower
16:05 Scout Tower
16:05 Scout Tower
16:06 Scout Tower
16:07 Scout Tower
17:05 Town Hall
18:03 Scout Tower
18:09 Scout Tower
18:10 Scout Tower
18:11 Scout Tower
18:11 Scout Tower
18:47 Guard Tower
22:27 Town Hall
26:10 Town Hall
30:18 Town Hall
30:54 Town Hall
31:23 Scout Tower
31:28 Scout Tower
32:35 Town Hall
35:37 Town Hall
35:42 Town Hall
38:02 Scout Tower
38:02 Scout Tower
38:07 Scout Tower
38:07 Scout Tower
38:32 Cannon Tower
38:34 Arcane Tower
38:38 Scout Tower
38:39 Scout Tower
38:40 Scout Tower
38:40 Scout Tower
38:41 Scout Tower
38:42 Scout Tower
38:44 Scout Tower
38:45 Scout Tower
38:46 Scout Tower
38:47 Scout Tower
38:55 Arcane Tower
38:58 Scout Tower
38:58 Scout Tower
38:59 Scout Tower
38:59 Scout Tower
39:01 Guard Tower
39:05 Scout Tower
39:08 Scout Tower
39:08 Scout Tower
39:09 Scout Tower
39:09 Scout Tower
39:29 Guard Tower
39:38 Guard Tower
40:07 Guard Tower
42:01 Town Hall
44:54 Town Hall
45:16 Town Hall
47:33 Lumber Mill
49:36 Lumber Mill
51:45 Lumber Mill
52:05 Town Hall
54:07 Town Hall
54:38 Town Hall
58:46 Town Hall
61:21 Town Hall
66:57 Town Hall
68:18 Lumber Mill
69:59 Town Hall
75:08 Farm
75:08 Farm
75:09 Farm
75:10 Farm
76:17 Town Hall
Chat log
(00:24 / Allies) WobbleWobble: grunts to whatever the fuck i want
(04:52 / Allies) WobbleWobble: green hold up
(04:57 / Allies) WobbleWobble: lets hit in like 1 min
(05:16 / Allies) WobbleWobble: meet
(06:00 / Allies) WobbleWobble: repair
(06:06 / Allies) felix21: hit
(06:06 / Allies) WobbleWobble: take out of mine rpair
(09:47 / Allies) WobbleWobble: green what yu gettin
(11:20 / Allies) WobbleWobble: wood me
(12:06 / Allies) felix21: comin
(12:19 / Allies) WobbleWobble: gold me?
(13:32 / Allies) WobbleWobble: mad rifles
(13:38 / Allies) WobbleWobble: green get tauren wiff me
(15:39 / Allies) WobbleWobble: kill pally
(15:41 / Allies) WobbleWobble: omfg
(16:03 / Allies) diablo3sux.: come nigga
(17:09 / Allies) diablo3sux.: cp,e
(18:00 / Allies) WobbleWobble: gj
(19:13 / Allies) WobbleWobble: burrow
(19:25 / Allies) diablo3sux.: help it u retard
(20:30 / Allies) WobbleWobble: gold me
(20:36 / Allies) felix21: kill tree plz
(20:44 / Allies) WobbleWobble: tp
(21:03 / Allies) WobbleWobble: green go
(22:56 / All) WobbleWobble: GG
(25:22 / Allies) felix21: HEALING WARD? PLZ?
(25:25 / Allies) felix21: sorry caps
(26:21 / Allies) WobbleWobble: green gotta go save
(27:44 / All) WobbleWobble: WRONG BUTTON -_-
(28:42 / Allies) szuja: 100 gold?
(29:14 / Allies) WobbleWobble: 200 gold me
(29:17 / Allies) WobbleWobble: for hero
(30:28 / Allies) diablo3sux.: god
(30:31 / Allies) diablo3sux.: u guys are horrible lawl
(30:35 / Allies) szuja: i need more gold
(30:36 / Allies) WobbleWobble: ?
(30:39 / Allies) felix21: ya
(30:48 / Allies) diablo3sux.: u had no business losing this game
(31:55 / All) SeanPrice: you cant win
(31:57 / All) SeanPrice: leave
(32:08 / All) WobbleWobble: SUCK MY DICK WITH A MOTHER FUCKING CONDOM
(32:14 / All) SeanPrice: nerd rage
(32:19 / All) WobbleWobble: ?
(32:29 / All) WobbleWobble: pretty sure nerds dont know what a condom is..
(33:23 / Allies) WobbleWobble: 100 gold me?
(33:45 / Allies) WobbleWobble: ty sure
(33:48 / Allies) WobbleWobble: sir*
(34:06 / Allies) WobbleWobble: yellow how you lvl 4 -_-
(34:13 / Allies) szuja: i have lvl 6
(34:18 / Allies) WobbleWobble: oh
(34:20 / Allies) szuja: but not gold
(34:57 / Allies) felix21: heal?
(34:58 / Allies) felix21: plz
(35:12 / Allies) szuja: com
(35:15 / Allies) felix21: plz heal my frost
(35:17 / Allies) szuja: i open
(35:19 / Allies) WobbleWobble: i did
(35:23 / Allies) felix21: ty
(35:48 / Allies) szuja: heal ur frost her
(36:33 / All) WobbleWobble: SUCK OUR DICKS
(37:24 / Allies) WobbleWobble: no item lol
(39:46 / Allies) WobbleWobble: can ihave money for orb need like 100
(40:01 / Allies) WobbleWobble: green
(40:02 / Allies) WobbleWobble: 100 me
(40:34 / Allies) diablo3sux.: i have no idea how u guys lost this
(42:00 / Allies) diablo3sux.: come purp
(44:50 / Allies) felix21: LOL
(44:59 / All) WobbleWobble: Teal your soo bad
(45:40 / Allies) felix21: lmao
(46:49 / Allies) WobbleWobble: reveal
(46:50 / Allies) WobbleWobble: hurry
(47:18 / All) WobbleWobble: BOOM
(47:22 / Allies) WobbleWobble: gj green
(47:35 / All) WobbleWobble: LOL TEAL
(47:52 / Allies) WobbleWobble: chill blue
(48:05 / Allies) WobbleWobble: hero minew
(49:22 / Allies) WobbleWobble: needa hit
(49:36 / Allies) szuja: pleaz get me 700 gold
(50:58 / Allies) diablo3sux.: run nigga
(51:11 / Allies) WobbleWobble: phewww
(53:03 / Allies) diablo3sux.: im honestly just gonna play with them
(53:05 / Allies) WobbleWobble: green be rdy
(54:35 / All) WobbleWobble: my kill <3
(54:40 / All) felix21: lol
(55:29 / All) WobbleWobble: i got mad hero kills
(56:13 / Allies) WobbleWobble: green yu there?
(56:20 / Allies) diablo3sux.: yea im just gonna expo the entire map
(57:37 / All) WobbleWobble: teamates are so stiupid
(58:26 / Allies) diablo3sux.: go his shop purple
(58:54 / Allies) szuja: pleas get me money
(62:28 / Allies) WobbleWobble: green give me gold?
(65:38 / All) WobbleWobble: gg bro
(66:02 / All) felix21: green you bastard lol
(66:26 / Allies) WobbleWobble: lol
(67:06 / Allies) szuja: green?
(67:09 / All) felix21: lol 15k
(68:10 / Allies) diablo3sux.: ill let ur expos live yellow, if u give me gold
(68:11 / Allies) diablo3sux.: constantly
(68:15 / Allies) WobbleWobble: ty for healing
(68:22 / All) WobbleWobble: LMFAO
(68:59 / Allies) WobbleWobble: fall it
(69:06 / All) diablo3sux.: coming
(70:17 / Allies) WobbleWobble: brird over here
(70:19 / Allies) WobbleWobble: omfg yu blow
(70:37 / All) felix21: green
(70:40 / All) felix21: really
(70:45 / All) felix21: can we plz just end this
(71:02 / All) felix21: shits fuckin stupid
(71:06 / All) WobbleWobble: cant catch the gingerbread man
(72:05 / Allies) WobbleWobble: =]
(73:00 / All) diablo3sux.: pink
(73:04 / All) diablo3sux.: i will give u a tiny hall for ur hero
(73:25 / All) rockstone: what?
(73:33 / All) diablo3sux.: im on ur side
(73:48 / All) diablo3sux.: go to ur base im gonna give u item
(74:12 / 7) rockstone: feed me
(74:57 / 7) rockstone: sorry
(75:04 / 7) rockstone: i think r blue
(76:00 / All) diablo3sux.: teal honestly
(76:06 / All) diablo3sux.: did a great job building everywhere
(78:27 / All) diablo3sux.: ok pink
(78:31 / All) diablo3sux.: ill start kiling my stuff
(79:12 / All) diablo3sux.: i dont know who i should give the win to, yellow or pink
(79:15 / All) diablo3sux.: what do u 2 think
(79:32 / All) rockstone: lol
(79:49 / All) diablo3sux.: ill give u both a chance to win
(79:58 / All) diablo3sux.: yellow,
(80:01 / All) rockstone: k
(80:06 / All) diablo3sux.: to give the win, yellow must
(80:16 / All) diablo3sux.: list all the US presidents, in order
(80:23 / All) rockstone: lol
(80:26 / All) diablo3sux.: consecutive terms count
(80:32 / All) diablo3sux.: and pink
(80:34 / All) diablo3sux.: for you to get the win
(80:43 / All) diablo3sux.: hmmm
(81:12 / All) diablo3sux.: you must list the top 40 MLB homerun leaders
(81:24 / All) diablo3sux.: of all-time
(81:26 / All) rockstone: why?
(81:38 / All) diablo3sux.: i give you my word, whoever does their task first, gets the win
(81:47 / All) diablo3sux.: if you both dont, i will go afk
(81:56 / All) rockstone: k
(82:00 / All) diablo3sux.: its quite simple u 2
(82:04 / All) diablo3sux.: google ur task
(82:17 / All) rockstone: with many towers?
(82:19 / All) diablo3sux.: "list of us presidents" for yellow, and all-time home run leaders" for pink
(83:01 / All) diablo3sux.: the one rule is, no expos
(83:04 / All) diablo3sux.: for yellow or pink
(83:10 / All) rockstone: k
(83:37 / All) diablo3sux.: god both teams were bad
(83:38 / All) rockstone: http://en.wikipedia.org/wiki/List_of_Presidents_of_the_United_States
(83:46 / All) diablo3sux.: that is yellows task
(83:47 / All) diablo3sux.: not urs
(83:53 / All) diablo3sux.: ur list is homerun leaders
(83:54 / All) rockstone: u said
(83:58 / All) rockstone: both
(84:09 / All) diablo3sux.: well i meant u each have different tasks to get the win
(84:17 / All) rockstone: lol
(84:23 / All) diablo3sux.: guys im not kidding
(84:30 / All) diablo3sux.: whoever does their task first, gets the win
(84:39 / All) diablo3sux.: im on a 0-0 account i have no loyalty to yellow and no reason to lie
(85:14 / All) rockstone: so?
(85:20 / All) diablo3sux.: so what?
(85:26 / All) diablo3sux.: do ur task and u get the win
(85:29 / All) diablo3sux.: its not hard logic
(85:29 / All) rockstone: task
(85:37 / All) diablo3sux.: just list the top 40 homerun leaders pink
(85:38 / All) diablo3sux.: and u win
(85:41 / All) diablo3sux.: no questions asked
(85:51 / All) rockstone: k
(85:56 / All) diablo3sux.: fine ill give u the us president task, yellow gets the hr leader task
(86:28 / All) diablo3sux.: yellow is afk
(86:31 / All) diablo3sux.: so this is ur chance
(86:33 / All) diablo3sux.: to pull ahead
(86:43 / All) rockstone: where?
(86:51 / All) diablo3sux.: where what
(87:17 / All) rockstone: u said is my turn to pull
(87:37 / All) diablo3sux.: to pull ahead i mean gain the advantage over yellow
(87:53 / All) diablo3sux.: oh and no killign zepplins
(87:54 / All) rockstone: where is he?
(88:18 / All) diablo3sux.: pink, list the damn presidents and u win
(88:35 / All) rockstone: i gave u
(88:39 / All) rockstone: http://en.wikipedia.org/wiki/List_of_Presidents_of_the_United_States
(88:47 / All) diablo3sux.: u have to list them all individiually
(88:51 / All) diablo3sux.: dont pull my leg
(88:54 / All) diablo3sux.: u know what i ask of u
(89:44 / All) rockstone: George Washington, John Adams, Thomas Jefferson, James Madison
(89:52 / All) diablo3sux.: keep going
(89:53 / All) rockstone: wait
(90:31 / All) rockstone: John Quincy Adams, Andrew Jackson, Martin Van Buren, William Henry Harrison,
(90:49 / All) rockstone: wait
(91:33 / All) rockstone: John Tyler, James K. Polk, Zachary Taylor, Millard Fillmore, Franklin Pierce, James Buchanan
(92:22 / All) rockstone: Abraham Lincoln, Andrew Johnson, Ulysses S. Grant, Rutherford B. Hayes, James A. Garfield, Chester A. Arthur,
(92:29 / All) diablo3sux.: very good, keep going
(93:04 / All) rockstone: Grover Cleveland, Benjamin Harrison, Grover Cleveland, William McKinley, Theodore Roosevelt,
(93:47 / All) rockstone: William Howard Taft, Woodrow Wilson, Warren G. Harding, Calvin Coolidge, Herbert Hoover, Franklin D. Roosevelt
(94:17 / All) rockstone: Harry S. Truman, Dwight D. Eisenhower, John F. Kennedy, Lyndon B. Johnson
(95:11 / All) diablo3sux.: very good keep going
(95:15 / All) rockstone: Richard Nixon, Gerald Ford, Jimmy Carter, Ronald Reagan, George H. W. Bush, Bill Clinton, George W. Bush, Barack Obama
(95:29 / All) rockstone: that´s all
(95:46 / All) rockstone: so?
(96:11 / All) diablo3sux.: you are in the driver's seat, however, since i told you couldn't expand and you did with teal, you get one minor punishment
(96:12 / All) rockstone: do u have u word?
(96:23 / All) diablo3sux.: your one punishment is
(97:20 / All) diablo3sux.: i need to regain ur trust, so im gonna put my shadow hunter in an open area and u have to do 30 laps around him, small laps
(97:33 / All) diablo3sux.: okay?
(97:40 / All) diablo3sux.: go below fountains
(98:00 / All) rockstone: i´m in
(98:01 / All) diablo3sux.: follow him
(98:14 / All) diablo3sux.: ok do laps
(98:32 / All) diablo3sux.: do circles
(98:52 / All) diablo3sux.: 30 circles pink
(98:57 / All) diablo3sux.: yes that way
(99:03 / All) diablo3sux.: around fountains
(99:17 / All) diablo3sux.: pink?
(99:18 / All) rockstone: no way
(99:21 / All) rockstone: how?
(99:24 / All) diablo3sux.: how what?
(99:39 / All) diablo3sux.: u lied to me about expanding so u get this one punishment, regardless if yellow does his task, u get the win
(99:45 / All) diablo3sux.: go to shadow hunter and do 30 laps
(99:48 / All) rockstone: lie?
(100:04 / All) diablo3sux.: i said one rule was u couldn't expand or kill zepplins and u attempted to with teal
(100:08 / All) rockstone: u said at the fontains
(100:17 / All) diablo3sux.: i mean
(100:24 / All) diablo3sux.: go around the fountains without entering the middle
(100:27 / All) diablo3sux.: go back to shadow hunter
(100:30 / All) diablo3sux.: he will follow u
(100:53 / All) diablo3sux.: get out of there pink
(100:56 / All) diablo3sux.: go back to sh
(102:00 / All) diablo3sux.: yes that way
(102:02 / All) diablo3sux.: go back to sh
(102:13 / All) rockstone: i´m in
(102:26 / All) diablo3sux.: ok do laps now
(102:31 / All) diablo3sux.: around the middle dont go near towers
(102:42 / All) diablo3sux.: i mean around the terrain
(102:54 / All) diablo3sux.: follow my sh
(103:19 / All) diablo3sux.: around like that
(103:47 / All) diablo3sux.: pink ur overcomplicating this go around this center area in a circle
(104:42 / All) diablo3sux.: follow me,
(105:12 / All) diablo3sux.: these are laps pink
(105:27 / All) rockstone: k
(105:57 / All) diablo3sux.: ok do what id id
(106:01 / All) diablo3sux.: back up
(106:08 / All) diablo3sux.: either way is fine
(106:19 / All) diablo3sux.: u already did 2 laps so 28 more
(108:30 / All) rockstone: 4
(108:35 / All) diablo3sux.: very good
(108:50 / All) rockstone: 5
(109:41 / All) diablo3sux.: u got lucky and no im not kidding, my cat almost knocked cord out of wall
(109:49 / All) rockstone: 6
(109:56 / All) diablo3sux.: yellow isn't afk the sick puppy is still here
(110:59 / All) rockstone: 7
(112:53 / All) diablo3sux.: keep listing ur lap total
(113:00 / All) rockstone: 9
(114:17 / All) diablo3sux.: kepe listing it
(114:30 / All) rockstone: 10
(114:55 / All) diablo3sux.: as u can see, a glimmer of faith has arrived for you, my buildings are dieing
(115:03 / All) rockstone: k
(115:10 / All) diablo3sux.: every lap list it
(115:15 / All) rockstone: k
(115:18 / All) rockstone: 11
(116:11 / All) diablo3sux.: 12?
(116:21 / All) rockstone: ready 12
(117:21 / All) rockstone: 13
(118:27 / All) rockstone: 14
(119:19 / All) rockstone: 15
(119:38 / All) diablo3sux.: kill these peasants
(120:13 / All) rockstone: add 1 lap?
(120:21 / All) diablo3sux.: subtract one
(120:24 / All) diablo3sux.: add 1 yea
(120:28 / All) rockstone: k
(120:35 / All) rockstone: so 16
(120:51 / All) rockstone: and now 17
(121:05 / All) rockstone: ? kill
(121:11 / All) diablo3sux.: yes
(121:18 / All) rockstone: 1 lap more?
(122:31 / All) rockstone: 19
(123:35 / All) rockstone: 20
(123:39 / All) diablo3sux.: 10 more
(124:35 / All) rockstone: 21
(125:21 / All) rockstone: 22
(125:27 / All) diablo3sux.: ok i have to go so kill my last 2 heros then last building
(125:29 / All) rockstone: kill¡
(126:39 / All) diablo3sux.: yellow did that stomp lawl
(126:55 / All) rockstone: u said about r heroes
(127:14 / All) rockstone: what i have to do?
(127:21 / All) diablo3sux.: u can take tc
(127:23 / All) diablo3sux.: do it
(127:25 / All) rockstone: kill tjem?
(127:32 / All) diablo3sux.: ur up against one tc with low health
(128:01 / All) rockstone: kill or no?
(128:04 / All) diablo3sux.: kill yes
(128:08 / All) diablo3sux.: get tc bottom of map
(128:14 / All) diablo3sux.: save ur base!
(128:18 / All) diablo3sux.: yellow is using tc
(128:28 / All) rockstone: tc?
(128:34 / All) diablo3sux.: yes kill ikt
(128:47 / All) diablo3sux.: whoever wins this hero duel wins the game
(129:53 / All) diablo3sux.: im gonna watch jeopardy we only have one building
(129:58 / All) diablo3sux.: its up to u 2
(133:47 / All) diablo3sux.: pink wtf are u doing
(133:48 / All) diablo3sux.: FOOL
(133:52 / All) diablo3sux.: there is only one building left
(133:54 / All) diablo3sux.: on our side
(134:07 / All) diablo3sux.: there u go
(134:18 / All) diablo3sux.: yellow u better help it
(134:22 / All) diablo3sux.: teal still has 2 more
(135:21 / All) diablo3sux.: im back to watching jeopardy,